cohdb
Replays
Latest Replays
All Replays
Popular Replays
Top Player Replays
Match Explorer
How It Works
Community
CoH3 Stats
Reddit
Sign in to upload your games and track your stats! →
Sign in with Steam
Match 32320721
Unlisted
Match 32320721
Overview
Messages
Build Orders
End
Panzergrenadier Squad
250 Light Carrier
Selects Armored Support Battlegroup
Selects Armored Support Battlegroup
Panzergrenadier Squad
Construct Light Support Kompanie
Fire Support Elements
Panzergrenadier Squad
Veteran Squad Leaders
2.5-tonne Medical Truck
le.IG 18 Mechanized Group
Selects Veteran Gunners
Selects Veteran Gunners
Selects Flammpanzer III Medium Tank
Flammpanzer III Medium Tank
Vehicle Survival Package
Pak 38 Anti-tank Gun Team
Pak 38 Mechanized Group
ToxicGrenadier
el campo
MaXiS
The101stAirBorne
2nd Infantry Divison
LLNyang
0
0
Comments
sign in to comment!
No comments posted yet!